 Dungeon Crawl Stone Soup version 0.28-a0-1159-g27aa881441 (webtiles) character file.

Game seed: 8879357786318550372

15654 olmar the Basher (level 12, -2/115 HPs)
             Began as a Gargoyle Fighter on Dec 16, 2021.
             Was an Initiate of Gozag.
             Slain by an orc warrior (6 damage)
             ... led by an orc warlord
             ... on level 1 of the Orcish Mines.
             The game lasted 00:21:50 (15557 turns).

olmar the Basher (Gargoyle Fighter)                Turns: 15557, Time: 00:21:50

Health: -2/115     AC: 26    Str: 26    XL:     12   Next: 29%
Magic:  12/12      EV:  2    Int:  8    God:    Gozag
Gold:   1236       SH:  0    Dex:  9    Spells: 11/11 levels left

rFire   . . .      SeeInvis .   o - +2 flail (venom)
rCold   . . .      Faith    .   c - +0 buckler
rNeg    + . .      Spirit   .   (armour currently unavailable)
rPois   ∞          Reflect  .   (helmet currently unavailable)
rElec   .          Harm     .   (cloak currently unavailable)
rCorr   .          Rampage  .   (gloves currently unavailable)
Will    .....      NoTele   +   (boots currently unavailable)
Stlth   +.........              (no amulet)
HPRegen 0.29/turn               (no ring)
MPRegen 0.13/turn               (no ring)

@: confused, tree-form, ambrosia-drunk, gold aura
A: stationary, stasis, torment immunity, boosted hp, sickness immunity, AC +8,
negative energy resistance 1, (electricity resistance), torment resistance 1,
petrification resistance
a: Renounce Religion, Potion Petition, Call Merchant, Bribe Branch


You were on level 1 of the Orcish Mines.
You worshipped Gozag.
Gozag was most pleased with you.
You were a tree.
You visited 4 branches of the dungeon, and saw 16 of its levels.

You collected 1443 gold pieces.
You spent 118 gold pieces at shops.
You paid 89 gold pieces to Gozag.

Inventory:

Hand Weapons
 a - a +0 flail
 o - a +2 flail of venom (weapon)
 t - a +1 vampiric whip
 v - a +0 morningstar
 w - a +1 flail of protection
Armour
 b - a +0 scale mail
 c - a +0 buckler (worn)
 f - a +0 helmet (melded)
 m - a +0 pair of boots (melded)
 p - a +0 plate armour
 y - a +1 pair of gloves (melded)
 A - a +0 cloak (melded)
 D - a +0 tower shield
 M - the +0 plate armour "Inkootuff" (melded) {rC+++ Str+5 Dex-3}
   (You took it off an orc on level 6 of the Dungeon)

   Str:       It affects your strength (+5).
   Dex:       It affects your dexterity (-3).
   rC:        It renders you almost immune to cold.
Wands
 d - a wand of digging (7)
Scrolls
 e - a scroll of blinking
 g - a scroll of holy word
 h - 2 scrolls of noise
 i - 2 scrolls of magic mapping
 l - a scroll of vulnerability
 q - 5 scrolls of teleportation
 s - a scroll of fog
 B - a scroll of enchant weapon
 C - a scroll of amnesia
 E - a scroll of enchant armour
 H - a scroll of silence
 K - 2 scrolls of fear
Potions
 j - a potion of curing
 r - 3 potions of mutation
 x - 2 potions of lignification
 z - 2 potions of flight
 F - a potion of resistance {unknown}
 G - a potion of magic {unknown}
 I - 2 potions of brilliance
 J - 2 potions of berserk rage {unknown}
 L - a potion of invisibility {unknown}
 O - a potion of cancellation {unknown}


   Skills:
 + Level 10.0 Fighting
 + Level 13.4 Maces & Flails
 + Level 11.2 Armour
 + Level 8.0 Shields
 + Level 0.6 Evocations


You had 11 spell levels left.
You didn't know any spells.
Your spell library contained the following spells:

 Spells                   Type           Power      Damage    Failure   Level
 Animate Skeleton         Necr           0%         N/A       41%         1
 Magic Dart               Conj           0%         1d3       41%         1
 Pain                     Necr           0%         1d4       41%         1
 Passwall                 Tmut/Erth      0%         N/A       54%         2
 Searing Ray              Conj           0%         2d4       54%         2
 Call Canine Familiar     Summ           0%         N/A       78%         3
 Dazzling Flash           Conj/Hex       0%         N/A       78%         3
 Portal Projectile        Hex/Tloc       0%         N/A       78%         3
 Swiftness                Air            0%         N/A       78%         3
 Vampiric Draining        Necr           0%         2d6       78%         3
 Cause Fear               Hex            0%         N/A       99%         4
 Fulminant Prism          Conj/Hex       0%         3d6       99%         4
 Leda's Liquefaction      Hex/Erth       0%         N/A       99%         4
 Agony                    Necr           0%         N/A       100%        5
 Silence                  Hex/Air        0%         N/A       100%        5
 Summon Forest            Summ/Tloc      0%         N/A       100%        5
 Summon Mana Viper        Hex/Summ       0%         N/A       100%        5
 Summon Cactus Giant      Summ           0%         N/A       100%        6
 Dragon Form              Tmut           0%         N/A       100%        7
 Dragon's Call            Summ           0%         N/A       100%        9


Dungeon Overview and Level Annotations

Branches:
Dungeon (12/15)            Temple (1/1) D:7            Lair (1/6) D:10
    Orc (2/2) D:9             Elf (0/3) Orc:2

Altars:
Ashenzari
Cheibriados
Dithmenos
Elyvilon
Fedhas
Gozag
Hepliaklqana
Kikubaaqudgha
Makhleb
Nemelex Xobeh
Okawaru
Qazlal
Ru
Sif Muna
Trog
Uskayaw
Vehumet
Wu Jian
Xom
Yredelemnul
Zin
The Shining One

Shops:
D:4 [   D:8 !   D:9 =   D:10 *

Portals:
Trove: D:11 (give +5 demon whip)

Annotations:
D:2 1 runed translucent door, Crazy Yiuf
D:9 3 runed translucent doors, exclusion: orange crystal statue, lessens's ghost, novice MiAr


Innate Abilities, Weirdness & Mutations

You are a tree.
Your roots penetrate the ground, keeping you stationary.
You cannot be teleported.
You are immune to unholy pain and torment.
Your maximum health is greatly increased.
Your equipment is partially melded.
You are immune to sickness and miasma.
((Your stone body is resilient. (AC +8)))
You are immune to poison.
You resist negative energy. (rN+)
((You are resistant to electric shocks. (rElec)))
You are resistant to unholy torment.
You are immune to petrification.


Message History

* * * LOW HITPOINT WARNING * * *
Unknown command.
You are confused.
You feel invigorated. The orc hits you with a +0 dagger.
* * * LOW HITPOINT WARNING * * *
The orc warrior hits you but does no damage.
Space warps around you.
* * * LOW HITPOINT WARNING * * *
The orc warrior hits you but does no damage.
You cannot move. (Use ctrl+direction or * direction to attack without moving.) Unknown command.
You cannot move. (Use ctrl+direction or * direction to attack without moving.) Unknown command.
You hit the orc warrior but do no damage.
The ogre hits you with a +0 giant club.
* * * LOW HITPOINT WARNING * * *
The orc hits you but does no damage.
You bludgeon the orc warrior!!
The orc warrior looks as sick as possible!
The orc warrior is severely wounded.
The orc warrior hits you with a +0 hand axe!
* * * LOW HITPOINT WARNING * * *
The orc warrior hits you with a +2 short sword of distortion.
* * * LOW HITPOINT WARNING * * *
Space warps around you.
* * * LOW HITPOINT WARNING * * *
The orc warrior hits you but does no damage.
The ogre hits you with a +0 giant club.
* * * LOW HITPOINT WARNING * * *
The orc barely misses you.
You hit the orc warrior but do no damage.
The orc warrior is severely wounded.
You kill the orc!
The orc warrior hits you with a +0 hand axe.
* * * LOW HITPOINT WARNING * * *
The orc warrior hits you with a +0 scimitar.
* * * LOW HITPOINT WARNING * * *
The orc warrior hits you with a +2 short sword of distortion.
You die...
Your body crumbles into a pile of gold.

$ $ #########
#..#....##
##........##
###..........##
##....<[.>.....#
#..oO.[#.#..§..##
##o♣o[..##.§....#
##$o...#....§#.#
#...........§###
###.......##.#
#........####
#.####.....# #
#....## #.####
###


You could see 3 orc warriors, an ogre and an orc.

Vanquished Creatures
  A hydra (D:11)
  2 centaur warriors
  A two-headed ogre (D:11)
  A tengu warrior (D:11)
  An orc knight (D:11)
  An orc sorcerer (Orc:1)
  An ugly thing (D:11)
  A deep elf pyromancer (D:11)
  A manticore (D:11)
  A cyclops (D:11)
  A cane toad (Lair:1)
  Prince Ribbit (D:9)
  Grinder (D:3)
  3 slime creatures (D:11)
  A vampire (D:9)
  A tarantella (shapeshifter) (D:10)
  A basilisk (D:11)
  16 yaks
  Menkaure (D:4)
  Edmund (D:6)
  An acid dragon (D:9)
  2 water moccasins
  An ice beast (D:6)
  6 orc warriors
  3 sky beasts
  2 black bears (D:6)
  A boggart (D:11)
  2 ogres (D:6)
  2 necrophages
  3 centaurs
  3 kobold brigands
  5 bullfrogs
  2 gnoll sergeants
  5 scorpions
  A water moccasin skeleton (D:6)
  8 wights
  5 killer bees (D:7)
  3 jellies
  3 howler monkeys
  2 centaur zombies
  A bullfrog zombie (D:5)
  5 orc priests
  6 hounds
  2 centaur skeletons (D:4)
  A gnoll shaman (D:6)
  Jessica (D:2)
  Natasha (thrice) (D:4)
  5 iguanas
  3 orc wizards
  2 killer bee zombies
  2 hound skeletons
  Robin (D:4)
  A howler monkey zombie (D:8)
  18 gnolls
  A howler monkey skeleton (D:4)
  8 adders
  A shadow imp (D:6)
  A worm (D:2)
  A dart slug (D:2)
  43 orcs
  8 ball pythons
  7 endoplasms
  3 giant cockroaches
  12 goblins
  13 hobgoblins
  6 jackals
  2 quokkas
  3 bats (D:3)
  A frilled lizard (D:1)
  20 kobolds
  5 rats
284 creatures vanquished.

Vanquished Creatures (collateral kills)
  Snorg (D:10)
1 creature vanquished.

Vanquished Creatures (others)
  A kobold brigand (D:10)
  A kobold (D:10)
  A fungus (D:10)
  13 plants
16 creatures vanquished.

Grand Total: 301 creatures vanquished

Notes
Turn   | Place    | Note
-------+----------+-------------------------------------------
     0 | D:1      | olmar the Gargoyle Fighter began the quest for the Orb.
     0 | D:1      | Reached XP level 1. HP: 14/14 MP: 1/1
   610 | D:1      | Reached XP level 2. HP: 19/19 MP: 2/2
   925 | D:2      | Found a white marble altar of Elyvilon.
  1060 | D:2      | Reached XP level 3. HP: 17/24 MP: 3/3
  1273 | D:2      | Reached XP level 4. HP: 22/29 MP: 4/4
  1541 | D:2      | Noticed Jessica
  1552 | D:2      | Killed Jessica
  1553 | D:2      | Reached skill level 3 in Maces & Flails
  1771 | D:2      | Found a runed translucent door.
  1772 | D:2      | Noticed Crazy Yiuf
  2030 | D:3      | Noticed Grinder
  2038 | D:3      | Killed Grinder
  2039 | D:3      | Reached skill level 4 in Maces & Flails
  2039 | D:3      | Reached XP level 5. HP: 12/33 MP: 5/5
  2039 | D:3      | Reached XP level 6. HP: 14/38 MP: 6/6
  2898 | D:3      | Reached skill level 5 in Armour
  3325 | D:3      | Found a faded altar of an unknown god.
  3380 | D:3      | Found an iron altar of Okawaru.
  3704 | D:4      | Noticed Menkaure
  3903 | D:4      | Reached XP level 7. HP: 38/44 MP: 7/7
  3913 | D:4      | Killed Menkaure
  3914 | D:4      | Reached skill level 5 in Maces & Flails
  4356 | D:4      | Noticed Robin
  4383 | D:4      | Killed Robin
  4562 | D:4      | Found Vebia's Antique Armour Shoppe.
  4563 | D:4      | Noticed Natasha
  4569 | D:4      | Killed Natasha
  4570 | D:4      | Reached skill level 5 in Shields
  4570 | D:4      | Reached XP level 8. HP: 48/48 MP: 8/8
  4636 | D:4      | Noticed Natasha
  4640 | D:4      | Killed Natasha
  4641 | D:4      | Reached skill level 6 in Maces & Flails
  4647 | D:4      | Noticed Natasha
  4652 | D:4      | Killed Natasha
  4653 | D:4      | Reached skill level 5 in Fighting
  4777 | D:5      | Entered Level 5 of the Dungeon
  5273 | D:5      | Found a radiant altar of Vehumet.
  5363 | D:5      | Reached skill level 7 in Maces & Flails
  6144 | D:6      | Reached skill level 8 in Maces & Flails
  6144 | D:6      | Reached XP level 9. HP: 52/55 MP: 9/9
  6399 | D:6      | Noticed Edmund
  6423 | D:6      | Killed Edmund
  6676 | D:6      | Reached skill level 9 in Maces & Flails
  6704 | D:6      | Identified the +0 plate armour "Inkootuff" {rC+++ Str+5
                  | Dex-3}
  7768 | D:7      | Found a staircase to the Ecumenical Temple.
  7846 | Temple   | Entered the Ecumenical Temple
  7977 | Temple   | Became a worshipper of Gozag Ym Sagoz the Greedy
  8084 | D:7      | Reached skill level 10 in Maces & Flails
  8252 | D:7      | Reached XP level 10. HP: 63/63 MP: 10/10
  8655 | D:8      | Found Utisorot's Distillery.
  8940 | D:8      | Bought a potion of curing for 33 gold pieces
  8940 | D:8      | Bought a potion of heal wounds for 55 gold pieces
  9633 | D:9      | Found a runed translucent gate.
  9633 | D:9      | Found a runed translucent gate.
  9633 | D:9      | Found a runed translucent gate.
  9636 | D:9      | Found a staircase to the Orcish Mines.
  9790 | D:9      | Found Ihuethud's Jewellery Shoppe.
  9806 | D:9      | Noticed Prince Ribbit
  9827 | D:9      | Killed Prince Ribbit
  9859 | D:9      | Found an opulent altar of Gozag.
  9860 | D:9      | Noticed a centaur warrior
  9861 | D:9      | Noticed lessens's ghost (novice MiAr)
  9924 | D:9      | HP: 1/63 [acid dragon/splash of acid (14)]
 10422 | D:9      | Noticed a centaur warrior
 10442 | D:9      | Killed a centaur warrior
 10443 | D:9      | Reached skill level 11 in Maces & Flails
 10658 | D:9      | Noticed an orange crystal statue
 10979 | Orc:1    | Entered Level 1 of the Orcish Mines
 10979 | Orc:1    | Noticed an orc sorcerer
 11007 | D:10     | Entered Level 10 of the Dungeon
 11285 | D:10     | Noticed a fire crab
 11290 | D:10     | a fire crab changed into a tarantella
 11321 | D:10     | Noticed a centaur warrior
 11333 | D:10     | Killed a centaur warrior
 11334 | D:10     | Reached XP level 11. HP: 41/69 MP: 11/11
 11541 | D:10     | Found a staircase to the Lair.
 11550 | D:10     | Found Maocaqif's General Store.
 11574 | D:10     | Bought a scroll of identify for 30 gold pieces
 11640 | D:10     | Found a basalt altar of Yredelemnul.
 11774 | D:10     | Found a snail-covered altar of Cheibriados.
 11967 | D:11     | Noticed a two-headed ogre
 11998 | D:11     | Killed a two-headed ogre
 11999 | D:11     | Reached skill level 12 in Maces & Flails
 12360 | D:11     | Noticed Snorg
 12715 | D:10     | Killed Snorg
 13005 | D:11     | Noticed a manticore
 13021 | D:11     | Killed a manticore
 13309 | D:11     | Found a portal to a secret trove of treasure.
 13388 | D:11     | Noticed a deep elf pyromancer
 13396 | D:11     | Killed a deep elf pyromancer
 13397 | D:11     | Reached skill level 10 in Armour
 13408 | D:11     | Noticed a tengu warrior
 13419 | D:11     | Killed a tengu warrior
 13622 | D:11     | Noticed a cyclops
 13630 | D:11     | Killed a cyclops
 13648 | D:11     | Noticed a five-headed hydra
 13658 | D:11     | Killed a five-headed hydra
 13966 | Lair:1   | Entered Level 1 of the Lair of Beasts
 14145 | Lair:1   | Reached XP level 12. HP: 76/76 MP: 12/12
 14150 | Lair:1   | Reached skill level 13 in Maces & Flails
 14305 | Lair:1   | Noticed a five-headed hydra
 14897 | D:11     | Noticed a fire giant
 15446 | Orc:1    | Reached skill level 10 in Fighting
 15525 | Orc:2    | Entered Level 2 of the Orcish Mines
 15525 | Orc:2    | Noticed an orc warlord
 15557 | Orc:1    | HP: 4/115 [orc warrior (2)]
 15557 | Orc:1    | Slain by an orc warrior

Illustrated notes

Levels and vault maps discovered:
D:1:      dpeg_arrival_arbitrary_b, layout_loops_ring, skrybe_limestone_x,
          minivault_27
D:2:      layout_basic, basic_altar, nrook_campfire, uniq_jessica,
          uniq_crazy_yiuf_cottage
D:3:      layout_basic, mainiacjoe_overflow_brackets, basic_ecumenical_altar,
          uniq_grinder
D:4:      layout_cave_pools, serial_shops, nicolae_shop_overgrown_old_shop,
          uniq_natasha, uniq_menkaure, uniq_robin
D:5:      layout_loops_cross, nicolae_vehumet_radiance
D:6:      minmay_diamond_boxcup, layout_basic, serial_bayou_pond_c,
          minmay_increasing_density, uniq_edmund
D:7:      layout_basic, minmay_temple_entry_butterflies
D:8:      layout_basic, serial_shops, shop
D:9:      layout_cave_pods, orc_0_dummy, serial_shops, nicolae_shop_trees,
          ebering_ghost_gozag, minmay_statue_bubble, uniq_gastronok,
          uniq_prince_ribbit1
D:10:     layout_long_grid, mainiacjoe_overflow_big_doors, lair_entry_dummy,
          serial_shops, nicolae_shop_statue_plus, kennysheep_generic_room_10
D:11:     minmay_sliced_demisemicircle, layout_basic, enter_trove_2,
          minivault_22, uniq_snorg
D:12:     layout_basic
Temple:   mainiacjoe_temple_coin_purse
Lair:1:   layout_chaotic_city
Orc:1:    layout_diamond_mine, ebering_ghost_xom, serial_shops, shop,
          roderic_batcave
Orc:2:    st_orc_rangers, layout_caves, portal_ice_cave_entry_pillars_2

Skill      XL: |  1  2  3  4  5  6  7  8  9 10 11 12 |
---------------+-------------------------------------+-----
Armour         | 4 5 6 7 9 10 11 | 11.2
Maces & Flails | 4 5 8 10 11 12 13 | 13.4
Fighting       | 4 5 7 8 9 10 | 10.0
Shields        | 4 5 6 7 8 |  8.0
Evocations     | |  0.6

Action                   |  1- 3 |  4- 6 |  7- 9 | 10-12 || total
-------------------------+-------+-------+-------+-------++-------
Melee: Flail             |   104 |   148 |   451 |   566 ||  1269
       Whip              |       |       |       |     1 ||     1
Throw: Throwing net      |       |       |     1 |    10 ||    11
       Dart              |       |       |       |     3 ||     3
Evoke: Wand              |       |       |       |     5 ||     5
  Use: Potion            |       |     2 |     1 |    15 ||    18
       Scroll            |       |       |       |    19 ||    19
 Stab: Distracted        |       |       |       |     2 ||     2
Armor: Scale mail        |    58 |   101 |    30 |       ||   189
       Plate armour      |       |       |   308 |   426 ||   734
       Skin              |       |       |       |    11 ||    11
Dodge: Dodged            |    51 |    78 |   174 |   140 ||   443
Block: Buckler           |    30 |    44 |    90 |   118 ||   282

Table legend: (Time is in decaauts)
 A = Elapsed time spent in this place.
 B = Non-inter-level travel time spent in this place.
 C = Inter-level travel time spent in this place.
 D = Time resting spent in this place.
 E = Time spent auto-exploring this place.
 F = Levels seen in this place.
 G = Mean time per level.
                   A        B        C        D        E       F      G
               +--------+--------+--------+--------+--------+-----+--------+
         Total |  15525 |  14516 |   1009 |   2682 |   9113 |  16 |  970.3 |
       Dungeon |  14674 |  13700 |    974 |   2397 |   8814 |  12 | 1222.8 |
        Temple |    140 |    113 |     27 |      0 |     95 |   1 |  140.0 |
          Lair |    589 |    589 |      0 |    285 |    139 |   1 |  589.0 |
  Orcish Mines |    121 |    115 |      6 |      0 |     65 |   2 |   60.5 |
               +--------+--------+--------+--------+--------+-----+--------+

Top non-repeatable levels by time:
    D:11: 2226 daAuts
     D:6: 1943 daAuts
     D:3: 1717 daAuts
     D:9: 1627 daAuts
    D:10: 1231 daAuts
     D:2: 1222 daAuts
     D:5: 1110 daAuts
     D:4: 1005 daAuts
     D:7: 954 daAuts
     D:1: 938 daAuts
     D:8: 692 daAuts
  Lair:1: 589 daAuts
  Temple: 140 daAuts
   Orc:1: 112 daAuts
   Orc:2: 8 daAuts
